← All builds
Geo sea / Armada / Economy first / OBSERVED BUILD

Standard geo sea

Armada Geo sea build order · Supreme Isthmus

Standard Geo sea play: bot lab then shipyard in the cove, an early submarine and destroyer to contest the sea, geothermal around 7:40 to fund the later fleet transition.

Usually shipyard in the cove (87%)

#naval #eco · 740 distinct matches · 101 players · 80% of Armada Geo sea games · team won 54% of 790 · Recently observed

HOW TO PLAY IT

Key timing: Shipyard by 3:13

  1. Open 3 mex and wind into Bot Lab.
  2. Put up Shipyard with naval turret and BP for defense.
  3. Send out "submarine" then "destroyer" to contest the sea.
  4. Bring geothermal online to fund the fleet.
  5. Add Advanced Metal Extractor as the economy transitions.

Phase by phase

TYPICAL OF ITS 740 GAMES
  1. 1
  2. 2
  3. 3
  4. 4
PLAY THE OPENING

Follow the example game's first 6:00 step by step: what to build now, what comes next, and where it goes. At 1× it keeps pace with your own game.

  1. 1

    Up to the Bot Lab

    Economy
    • Metal Extractor3Mex
    • Wind Turbine3Wind
    Order
    1. Bot LabBot Lab after 3 mex, 3 winddone ~1:12, middle half 1:06–1:18

    Some games also: wind for allies (44%)

    By 0:55 in all: 3 mex · 3 wind

    The example game in this phase · 4 steps
    1. Mex ×3
    2. Windfor Air
    3. Wind ×2
    4. Bot LabBot Labdone 1:16 · typical 1:12
  2. 2

    Bot Lab to Shipyard

    Economy
    • Metal Extractor1Mex
    • Wind Turbine1Wind
    Order
    1. ShipyardShipyard after 4 mex, 4 winddone ~3:11, middle half 2:50–3:36
    Builders
    • Construction Bot3 Con bot
    • Lazarus2 Lazarus

    Some games also: pawn (43%) · con turret (37%) · crossbow (35%)

    By 2:47 in all: 4 mex · 4 wind

    The example game in this phase · 4 steps
    1. Construction BotCon bot
    2. LazarusLazarus ×2
    3. Construction BotCon bot
    4. ShipyardShipyarddone 2:25 · typical 3:11
  3. 3

    Shipyard to 5:00

    Economy
    • Metal Extractor4Mex
    • Wind Turbine1Wind
    Builders
    • Construction Ship1 Con ship
    Army
    • Dolphin3 Dolphin
    • Skater1 Skater
    • Corsair1 Destroyer
    Other
    • Radar Tower1 Radar Tower

    Some games also: submarine (44%) · Sentry (44%) · converter (32%) · pawn (32%) · con turret (32%)

    By 5:00 in all: 8 mex · 7 wind · 1 energy storage · 1 con turret

    The example game in this phase · 16 steps
    1. LazarusLazarus ×2
    2. SkaterSkater ×2
    3. PawnPawn
    4. EelSubmarinedone 3:02 · typical 4:21
    5. Mex
    6. Construction ShipCon ship ×2
    7. Mex
    8. Con turret
    9. DolphinDolphin
    10. Mex ×2
    11. DolphinDolphin ×3
    12. Mex
    13. DolphinDolphin
    14. Grim ReaperGrim Reaper
    15. Energy storage
    16. EelSubmarine
  4. 4

    5:00 to 10:00

    Economy
    • Metal Extractor2Mex
    • Wind Turbine12Wind
    • Energy Converter2Converter
    Builders
    • Construction Turret1 Con turret
    • Construction Ship1 Con ship
    • Grim Reaper1 Grim Reaper
    Army
    • Sentry1 Sentry
    • Dolphin5 Dolphin
    • Corsair2 Destroyer
    • Skater2 Skater

    Some games also: Radar Tower (48%) · geo (40%) · frigate (40%) · Harpoon (39%) · Naval Construction Turret (34%)

    By 10:00 in all: 11 mex · 19 wind · 1 geo · 4 converter · 1 energy storage · 2 con turret

    The example game in this phase · 187 steps
    1. Mex
    2. SkaterSkater
    3. Mex
    4. DolphinDolphin
    5. Wind
    6. DolphinDolphin
    7. Mex
    8. Naval Radar / Sonar TowerNaval Radar / Sonar Tower
    9. DolphinDolphin
    10. Wind
    11. Construction ShipCon ship
    12. DolphinDolphin
    13. Wind
    14. Tidal
    15. DolphinDolphin
    16. Grim ReaperGrim Reaper
    17. Tidal
    18. Wind
    19. Mex
    20. EelSubmarine
    21. Tidal
    22. Wind
    23. SkaterSkater
    24. Tidal
    25. DolphinDolphin
    26. Tidal
    27. Naval Radar / Sonar TowerNaval Radar / Sonar Tower
    28. Wind
    29. Mex
    30. DolphinDolphin
    31. Bot LabBot Labdone 7:33
    32. Tidal
    33. DolphinDolphin
    34. Wind
    35. Naval Construction Turret
    36. Construction BotCon bot
    37. Mex
    38. Tidal
    39. Construction ShipCon ship
    40. Construction BotCon bot
    41. Wind
    42. Tidal ×2
    43. Naval Radar / Sonar TowerNaval Radar / Sonar Tower
    44. Construction BotCon bot
    45. Tidal
    46. Wind
    47. Construction BotCon bot
    48. Tidal
    49. Construction BotCon bot
    50. Advanced Metal ExtractorT2 mexdone 9:39 · typical 9:17
    51. Construction BotCon bot
    52. Tidal
    53. Wind
    54. Construction BotCon bot
    55. Tidal
    56. Construction BotCon bot
    57. Geothermal PowerplantGeodone 9:58 · typical 7:46
    58. Tidal
    59. Construction BotCon bot
    60. Wind
    61. Tidal ×2
    62. Construction BotCon bot
    63. Naval Radar / Sonar TowerNaval Radar / Sonar Tower
    64. Wind
    65. Tidal ×2
    66. Advanced Metal ExtractorT2 mex
    67. Tidal
    68. Wind
    69. Naval Construction Turret
    70. Tidal
    71. Naval Construction Turret
    72. Tidal ×2
    73. Con turret
    74. Wind
    75. Tidal
    76. Seaplane PlatformSeaplane Platformdone 10:38
    77. Con turret
    78. Tidal ×2
    79. Con turret
    80. Wind
    81. HarpoonHarpoon
    82. Advanced Metal ExtractorT2 mex
    83. Con turret ×2
    84. Tidal
    85. SabreSabre
    86. Tidal
    87. Wind
    88. Tidal ×2
    89. Advanced Metal ExtractorT2 mex
    90. Wind ×2
    91. Tidal
    92. SabreSabre
    93. Tidal
    94. Wind ×6
    95. SabreSabre
    96. Wind
    97. Tidal
    98. Wind ×5
    99. SabreSabre
    100. Naval Energy Converter
    101. Wind
    102. Converter
    103. Wind ×3
    104. SabreSabre
    105. Wind ×4
    106. Converter
    107. Wind ×2
    108. SabreSabre
    109. Wind ×4
    110. Naval Energy Converter
    111. Wind
    112. Converter
    113. Wind ×2
    114. SabreSabre
    115. Wind
    116. Converter ×2
    117. Advanced Metal ExtractorT2 mex
    118. Wind ×3
    119. PuffinPuffin
    120. Wind ×3
    121. Converter
    122. Wind ×2
    123. Converter
    124. Naval Energy Converter
    125. Wind ×3
    126. HorizonHorizon
    127. Advanced ShipyardAdvanced Shipyarddone 13:49
    128. Wind ×9
    129. HarpoonHarpoon
    130. Naval Energy Converter
    131. Wind ×3
    132. Advanced Metal ExtractorT2 mex
    133. Wind
    134. Converter ×2
    135. Naval Energy Converter
    136. Converter ×2
    137. Wind ×2
    138. Converter
    139. Wind ×2
    140. Mex
    141. Wind
    142. Naval Energy Converter
    143. Wind
    144. Advanced Construction SubAdvanced Construction Sub
    145. Wind ×2
    146. Converter
    147. Wind ×6
    148. Converter
    149. Wind
    150. Naval Energy Converter
    151. Wind
    152. Mex
    153. Wind
    154. Converter
    155. Wind
    156. VoyagerVoyager
    157. Wind
    158. Converter
    159. Wind ×3
    160. Naval Advanced Metal ExtractorNaval Advanced Metal Extractordone 14:33
    161. Wind ×2
    162. VoyagerVoyager
    163. Converter
    164. Wind ×4
    165. Naval Energy Converter
    166. Wind
    167. Converter
    168. Naval Radar / Sonar TowerNaval Radar / Sonar Tower
    169. VoyagerVoyager
    170. Wind ×3
    171. Converter
    172. VoyagerVoyager
    173. Wind ×5
    174. Naval Advanced Metal ExtractorNaval Advanced Metal Extractor
    175. Wind
    176. VoyagerVoyager
    177. Wind
    178. Converter
    179. Wind ×2
    180. Naval Construction Turret
    181. Naval Energy Converter
    182. Converter
    183. Wind ×3
    184. Naval Construction Turret
    185. Wind
    186. Converter
    187. Wind ×4

Counts are medians over the build's games: half of them build more, half fewer. The example game is krtf's (44 OS, 30/09/2026); pick another.

Team trades

IN AT LEAST 30% OF ITS GAMES

You hand over

  • Wind Turbine2 Wind to Airfirst at 1:41 · in 62% of games

You get

  • Finch1 Finch from Airfirst at 1:51 · in 74% of games
  • Hercules1 Light transport from Airfirst at 2:05 · in 63% of games
  • Advanced Construction Bot1 T2 con bot from Techfirst at 7:41 · in 89% of games

How it plays out

Typical game of this build, running totals by minute

Metal produced

010k20k30k
0:005:0010:0015:00

metal

Enemy metal destroyed

05k10k
0:005:0010:0015:00

metal

Own metal lost

02.5k5k7.5k
0:005:0010:0015:00

metal

790 games.

Show as table
ByMetal produced: This buildEnemy metal destroyed: This buildOwn metal lost: This build
1:0039500
2:0092800
3:00160200
4:002921051
5:00414517874
6:005554545312
7:0071121005650
8:00877917781052
9:001068425531692
10:001296035132275
11:001568547053186
12:001866757873969
13:002186169034813
14:002557480275681
15:002902591296705
WHAT THE NUMBERS SAY

Standard Armada geo sea nearly matches Cortex's economy numbers but wins slightly more often at 53%.

  • + Metal produced reaches 28785 by 15:00, the highest of the sea builds
  • + Own metal lost of 6895 stays well under enemy metal destroyed's 9048
  • − Geothermal only lands in 58% of games by 7:34
  • − T2 factory completes in only 40% of games by 12:43
THE EXAMPLE YOU ARE READING

krtf

44.5 OS · 30/09/2026

Open source match ↗

3 received units · includes a constructor
255 metal received · 15104 energy received

Allied construction assistance is unknown. Timings are observations, not a promise of solo reproducibility.

Typical milestones

Bot Lab1:12Middle 50%: 1:06–1:18 · n=758
Shipyard3:11Middle 50%: 2:50–3:36 · n=779
Eel4:21Middle 50%: 3:41–5:34 · n=472
Corsair5:35Middle 50%: 4:50–6:34 · n=729
Geothermal Powerplant7:46Middle 50%: 6:48–9:15 · n=481
Advanced Metal Extractor9:17Middle 50%: 8:37–10:06 · n=688

Played most by

Optimusprimenutt52games of this build_X_49games of this buildKingBenjai49games of this buildhaaven43games of this buildHummell34games of this build